 Dungeon Crawl Stone Soup version 0.29-a0-821-g66395355a5 (webtiles) character file.

Game seed: 5992008280677723224

13477 quixfox the Severer (level 12, -8/108 HPs)
             Began as a Hill Orc Fighter on July 7, 2022.
             Was a High Priest of Okawaru.
             Mangled by a large abomination (12 damage)
             ... on level 2 of the Abyss.
             The game lasted 00:46:14 (12823 turns).

quixfox the Severer (Hill Orc Fighter)             Turns: 12823, Time: 00:46:14

Health: -8/108     AC: 22    Str: 19      XL:     12   Next: 6%
Magic:  17/17      EV:  6    Int:  4 (8)  God:    Okawaru [*****.]
Gold:   398        SH:  6    Dex: 18      Spells: 11/11 levels left

rFire   . . .      SeeInvis .   I - +1 broad axe
rCold   + . .      Faith    .   c - +0 buckler
rNeg    + . .      Spirit   .   J - +2 plate armour "Qaox" {+Inv rElec Regen+ Str-5}
rPois   .          Reflect  .   B - +0 helmet
rElec   +          Harm     .   y - +2 cloak "Wink" {rN+ Dex+8}
rCorr   .          Rampage  .   (no gloves)
Will    .....                   p - +0 pair of boots
Stlth   ..........              (no amulet)
HPRegen 0.00/turn               k - +4 ring of slaying
MPRegen 0.15/turn               b - ring of protection from cold

@: sick, unable to read
A: inability to read while threatened 1
a: Renounce Religion, Evoke Invisibility, Heroism, Finesse, Duel


You were on level 2 of the Abyss.
You worshipped Okawaru.
Okawaru was extremely pleased with you.
You visited 2 branches of the dungeon, and saw 12 of its levels.
You visited the Abyss 1 time.

You collected 523 gold pieces.
You spent 125 gold pieces at shops.

Inventory:

Hand Weapons
 g - a +3 battleaxe of freezing
 I - a +1 broad axe (weapon)
Missiles
 A - 3 javelins (quivered)
Armour
 c - a +0 buckler (worn)
 p - a +0 pair of boots (worn)
 y - the +2 cloak "Wink" (worn) {rN+ Dex+8}
   (You found it on level 4 of the Dungeon)

   Dex:       It affects your dexterity (+8).
   rN:        It protects you from negative energy.
 B - a +0 helmet (worn)
 C - a +2 plate armour of cold resistance
 J - the +2 plate armour "Qaox" (worn) {+Inv rElec Regen+ Str-5}
   (You found it on level 11 of the Dungeon)

   Str:       It affects your strength (-5).
   rElec:     It insulates you from electricity.
   +Inv:      It lets you turn invisible.
   Regen:     It increases your rate of health regeneration.
Jewellery
 b - a ring of protection from cold (right hand)
 k - a +4 ring of slaying (left hand)
 n - a ring of ice
Wands
 q - a wand of flame (31)
 r - a wand of acid (11)
 t - a wand of roots (10)
 v - a wand of polymorph (8)
 F - a wand of digging (14)
Scrolls
 e - 5 scrolls of fog
 j - a scroll of magic mapping
 m - 4 scrolls of poison
 u - a scroll of enchant weapon
 w - a scroll of brand weapon {unknown}
 z - a scroll of fear
Potions
 a - a potion of degeneration {unknown}
 d - 3 potions of might
 f - 3 potions of resistance
 h - a potion of haste
 i - a potion of mutation
 l - 2 potions of invisibility
 s - 2 potions of lignification
 D - 2 potions of flight
 E - a potion of berserk rage {unknown}
 G - a potion of cancellation {unknown}
 H - 4 potions of brilliance


   Skills:
 + Level 10.9 Fighting
 * Level 15.6 Axes
 + Level 10.0 Armour
 - Level 7.9 Shields
 + Level 7.1 Invocations


You had 11 spell levels left.
You didn't know any spells.
Your spell library contained the following spells:

 Spells                   Type           Power      Damage    Failure   Level
 Magic Dart               Conj           0%         1d3       100%        1
 Shock                    Conj/Air       0%         1d3       100%        1
 Blink                    Tloc           0%         N/A       100%        2
 Searing Ray              Conj           0%         2d4       100%        2
 Lesser Beckoning         Tloc           0%         N/A       100%        3
 Mephitic Cloud           Conj/Pois/Air  0%         N/A       100%        3
 Swiftness                Air            0%         N/A       100%        3
 Airstrike                Air            0%         0-1+      100%        4
 Fulminant Prism          Conj/Hex       0%         3d6       100%        4
 Manifold Assault         Tloc           0%         N/A       100%        5
 Storm Form               Tmut/Air       0%         N/A       100%        7
 Call Imp                 Summ           Unusable   N/A       N/A         2

Dungeon Overview and Level Annotations

Branches:
Dungeon (11/15)            Temple (1/1) D:7            Lair (0/6) D:8
    Orc (0/2) D:10

Altars:
Ashenzari
Cheibriados
Dithmenos
Elyvilon
Fedhas
Gozag
Hepliaklqana
Kikubaaqudgha
Makhleb
Nemelex Xobeh
Okawaru
Qazlal
Ru
Sif Muna
Trog
Uskayaw
Vehumet
Wu Jian
Xom
Yredelemnul
Zin
The Shining One

Shops:
D:4 *

Annotations:
D:3 2 transporters, 3 runed translucent doors, spaghetti's ghost, amateur DsBe
D:11 Psyche


Innate Abilities, Weirdness & Mutations

You occasionally lose the ability to read scrolls when taking damage.


Message History

The starcursed mass attacks as you move away!
The starcursed mass touches you.
You feel ill.
The starcursed mass attacks as you move away!
You block the starcursed mass's attack. A chorus of shrieks assaults your mind.
A starcursed mass splits.
You feel ill.
The ancient zyme attacks as you move away!
You block the ancient zyme's attack.
The ancient zyme hits you but does no damage.
A starcursed mass splits.
A deafening chorus of shrieks assaults your mind!
You suddenly lose the ability to move!
You can move again.
A starcursed mass splits.
The ancient zyme attacks as you move away!
The ancient zyme hits you but does no damage.
You block the ancient zyme's attack.
The ancient zyme attacks as you move away!
The ancient zyme hits you! The ancient zyme closely misses you.
A chorus of shrieks assaults your mind.
The ancient zyme attacks as you move away!
The ancient zyme hits you but does no damage. x2
You are suddenly pulled into a different region of the Abyss!
You start resting.
A large abomination comes into view.
You hit the large abomination.
The large abomination is lightly damaged.
The large abomination hits you!!
You feel threatened and lose the ability to read scrolls!
* * * LOW HITPOINT WARNING * * *
You slash the large abomination!
The large abomination is moderately damaged.
You slash the large abomination!
The large abomination is heavily damaged.
The large abomination hits you!
* * * LOW HITPOINT WARNING * * *
You slash the large abomination!
The large abomination is severely damaged.
The large abomination hits you!
You die...

### #.### .
###...#
#...#.....#
#......@.#...#
.####..X....#..
#....##..#
#...#. .#
##.##.# # ## ..
#.# ..


You could see a large abomination.

Vanquished Creatures
  Josephine (D:10)
  Fannar (D:10)
  A spriggan skeleton (Abyss:2)
  A two-headed ogre (D:9)
  Pikel (D:9)
  A cyclops (D:10)
  6 orange demons (D:10)
  Joseph (D:10)
  A gargoyle (D:8)
  An unseen horror (D:10)
  An efreet (D:8)
  2 red devils (D:10)
  Prince Ribbit (D:9)
  5 wraiths
  A neqoxec (Abyss:2)
  6 yaks
  A dire elephant simulacrum (Abyss:2)
  A steam dragon (D:10)
  A vampire mosquito (D:8)
  Duvessa (D:4)
  A water moccasin (D:8)
  2 large abominations (Abyss:2)
  An ice beast (D:7)
  4 orc warriors
  2 sky beasts
  2 ogres
  2 black bears
  7 centaurs
  A phantom (D:4)
  2 kobold brigands
  A bullfrog (D:8)
  2 gnoll sergeants
  6 scorpions
  7 wights
  Dowan (D:4)
  9 killer bees (D:7)
  3 electric eels (D:10)
  A howler monkey (D:7)
  A hound (D:7)
  5 orc priests
  3 jellies
  2 iguanas
  Natasha (thrice) (D:3)
  7 orc wizards
  4 adders
  14 gnolls
  A shadow imp (D:6)
  A worm (D:3)
  3 dart slugs
  17 orcs
  8 ball pythons
  3 bats
  3 endoplasms (D:1)
  3 giant cockroaches
  7 goblins
  3 hobgoblins
  10 jackals
  3 quokkas
  5 frilled lizards
  17 kobolds
  4 rats
216 creatures vanquished.

Notes
Turn   | Place    | Note
-------+----------+-------------------------------------------
     0 | D:1      | quixfox the Hill Orc Fighter began the quest for the Orb.
     0 | D:1      | Reached XP level 1. HP: 19/19 MP: 1/1
   200 | D:1      | Reached skill level 3 in Axes
   203 | D:1      | Reached XP level 2. HP: 14/27 MP: 2/2
   724 | D:1      | Found a faded altar of an unknown god.
   787 | D:1      | Reached XP level 3. HP: 31/33 MP: 3/3
  1716 | D:3      | Reached skill level 4 in Axes
  1716 | D:3      | Reached XP level 4. HP: 23/40 MP: 4/4
  1849 | D:3      | Noticed Natasha
  1861 | D:3      | Killed Natasha
  1966 | D:3      | Found a transporter.
  2074 | D:3      | Noticed a kobold demonologist
  2103 | D:3      | Found a transporter.
  2150 | D:3      | Noticed Natasha
  2157 | D:3      | Killed Natasha
  2158 | D:3      | Reached XP level 5. HP: 28/47 MP: 5/5
  2318 | D:3      | Found an opulent altar of Gozag.
  2319 | D:3      | Found a runed translucent gate.
  2319 | D:3      | Found a runed translucent gate.
  2319 | D:3      | Found a runed translucent gate.
  2320 | D:3      | Noticed spaghetti's ghost (amateur DsBe)
  2320 | D:3      | Noticed a phantom
  2320 | D:3      | Noticed an ogre
  2348 | D:3      | Noticed Natasha
  2368 | D:3      | Killed Natasha
  2369 | D:3      | Reached skill level 5 in Axes
  2413 | D:3      | Found a basalt altar of Yredelemnul.
  2413 | D:3      | Found a shadowy altar of Dithmenos.
  2816 | D:4      | Reached XP level 6. HP: 55/55 MP: 6/6
  2833 | D:4      | Reached skill level 5 in Fighting
  2844 | D:4      | Reached skill level 6 in Axes
  2878 | D:4      | Noticed Dowan
  2881 | D:4      | Noticed Duvessa
  2889 | D:4      | Killed Duvessa
  2890 | D:4      | Reached XP level 7. HP: 48/61 MP: 7/7
  2893 | D:4      | Killed Dowan
  2957 | D:4      | Reached skill level 5 in Shields
  2983 | D:4      | Found Tatumula's Assorted Antiques.
  2994 | D:4      | Identified the +2 cloak "Wink" {rN+ Dex+8}
  3005 | D:4      | Bought a scroll labelled XAEG KEJAPAC for 25 gold pieces
  3005 | D:4      | Bought a scroll labelled BIBINY YRRUID for 25 gold pieces
  3005 | D:4      | Bought 3 scrolls labelled KIYLIE WICI for 75 gold pieces
  3392 | D:5      | Entered Level 5 of the Dungeon
  3657 | D:5      | Reached skill level 7 in Axes
  3657 | D:5      | Reached skill level 5 in Armour
  3955 | D:5      | Reached XP level 8. HP: 45/70 MP: 8/8
  4344 | D:5      | Found a radiant altar of Vehumet.
  4384 | D:5      | Reached skill level 8 in Axes
  4667 | D:5      | You fall into a shaft and drop 3 floors!
  4746 | D:7      | Reached skill level 9 in Axes
  5134 | D:6      | Reached XP level 9. HP: 78/78 MP: 9/9
  5182 | D:6      | Found an ornate altar of the Wu Jian Council.
  5214 | D:6      | Found a shimmering blue altar of Sif Muna.
  5216 | D:6      | Found a white marble altar of Elyvilon.
  5217 | D:6      | Found a shimmering altar of Xom.
  6002 | D:7      | Reached skill level 10 in Axes
  6703 | D:7      | Found a staircase to the Ecumenical Temple.
  6713 | Temple   | Entered the Ecumenical Temple
  6745 | Temple   | Became a worshipper of Warmaster Okawaru
  7597 | D:8      | Reached skill level 11 in Axes
  7703 | D:8      | Reached * piety under Okawaru
  7900 | D:8      | Noticed an efreet
  7919 | D:8      | Noticed a gargoyle
  7939 | D:8      | HP: 4/80 [wight/+3 battleaxe of freezing (11)]
  8325 | D:8      | Found a staircase to the Lair.
  8374 | D:8      | Killed a gargoyle
  8375 | D:8      | Reached XP level 10. HP: 51/88 MP: 10/10
  8472 | D:8      | Reached skill level 12 in Axes
  8986 | D:9      | Noticed Pikel
  9029 | D:9      | Noticed Prince Ribbit
  9043 | D:9      | Killed Prince Ribbit
  9043 | D:9      | Reached ** piety under Okawaru
  9167 | D:8      | Reached skill level 1 in Invocations
  9409 | D:9      | Noticed a two-headed ogre
  9416 | D:9      | Killed a two-headed ogre
  9416 | D:9      | Reached *** piety under Okawaru
  9417 | D:9      | Reached skill level 13 in Axes
  9550 | D:9      | Found a stormy altar of Qazlal.
  9720 | D:9      | Killed Pikel
  9884 | D:10     | Entered Level 10 of the Dungeon
 10018 | D:10     | Reached XP level 11. HP: 97/97 MP: 13/13
 10024 | D:10     | Reached **** piety under Okawaru
 10117 | D:10     | Found a staircase to the Orcish Mines.
 10185 | D:10     | Noticed Joseph
 10206 | D:10     | Killed Joseph
 10207 | D:10     | Reached skill level 14 in Axes
 10219 | D:10     | Noticed a cyclops
 10234 | D:10     | Killed a cyclops
 10366 | D:10     | Noticed Fannar
 10384 | D:10     | Killed Fannar
 10385 | D:10     | Reached skill level 10 in Fighting
 10385 | D:10     | Reached skill level 5 in Invocations
 11019 | D:10     | Reached ***** piety under Okawaru
 11343 | D:10     | Noticed Josephine
 11357 | D:10     | Killed Josephine
 11373 | D:10     | Reached skill level 15 in Axes
 11389 | D:10     | Received a gift from Okawaru
 12452 | D:11     | Identified the +2 plate armour "Qaox" {+Inv rElec Regen+
                  | Str-5}
 12475 | D:11     | Noticed Psyche
 12504 | Abyss:2  | Cast into level 2 of the Abyss (Psyche)
 12567 | Abyss:2  | Found a corrupted altar of Lugonu.
 12639 | Abyss:2  | Noticed a large abomination
 12677 | Abyss:2  | Noticed a purple ugly thing
 12690 | Abyss:2  | Gained mutation: You occasionally lose the ability to read
                  | scrolls when taking damage. [a neqoxec]
 12706 | Abyss:2  | Reached skill level 10 in Armour
 12706 | Abyss:2  | Reached XP level 12. HP: 95/108 MP: 17/17
 12731 | Abyss:2  | Noticed a starcursed mass
 12735 | Abyss:2  | Noticed a large abomination
 12739 | Abyss:2  | Noticed a thrashing horror
 12744 | Abyss:2  | Paralysed by accursed screaming for 1 turns
 12822 | Abyss:2  | HP: 4/108 [large abomination (7)]
 12823 | Abyss:2  | Mangled by a large abomination

Illustrated notes

Levels and vault maps discovered:
D:1:      spicycebolla_arrival_xxxplode, layout_basic,
          hellmonk_ecumenical_altar_inner_sanctum, dk_noncrumbling_4,
          st_stairs_11
D:2:      layout_rooms
D:3:      gammafunk_wand_slinger, layout_basic, gammafunk_temple_overflow_wave,
          ebering_ghost_gozag, uniq_natasha
D:4:      layout_loops_ring, serial_shops, nicolae_shop_statue_plus,
          st_stairs_7, uniq_duvessa
D:5:      layout_basic, nicolae_vehumet_radiance, minmay_tree_intersection,
          nicolae_concentric_dashed_squares_mild
D:6:      layout_gridville, chequers_temple_overflow_statue_of_worship,
          mainiacjoe_overflow_cross_hatched, serial_bayou_ford_a,
          minmay_crystal_water
D:7:      layout_rooms, minmay_temple_entry_sparse_star, minmay_starry_boxes
D:8:      layout_loops_ring, lair_entry_dummy, kb_rosetta
D:9:      layout_small_grid, mainiacjoe_overflow_boulevard, uniq_prince_ribbit1,
          uniq_pikel
D:10:     layout_long_grid, orc_0_dummy, minmay_variable_closet, minivault_14,
          minmay_beelzebubs_servants, uniq_josephine, uniq_fannar, uniq_joseph
D:11:     layout_rooms, serial_glass, glass_columns_b, glass_columns_b,
          item_on_display_a, due_unseen_surprise, hangedman_decor_slide_cut,
          uniq_psyche
Temple:   nicolae_temple_superstar
Abyss:2:  base: D:8, evilmike_abyss_exit_3, minivault_26

Skill      XL: |  1  2  3  4  5  6  7  8  9 10 11 |
---------------+----------------------------------+-----
Axes           | 3 4 5 6 7 9 11 13 15 | 15.6
Fighting       | 4 5 6 8 9 10 | 10.9
Armour         | 4 5 6 7 8 10 | 10.0
Shields        | 4 5 6 7 |  7.9
Invocations    | 3 7 |  7.1

Action                   |  1- 3 |  4- 6 |  7- 9 | 10-12 || total
-------------------------+-------+-------+-------+-------++-------
Melee: War axe           |   118 |    70 |   209 |       ||   397
       Broad axe         |       |       |    93 |   288 ||   381
Throw: Javelin           |     4 |     4 |    47 |    22 ||    77
       Boomerang         |       |    11 |       |       ||    11
       Throwing net      |       |       |     1 |       ||     1
Invok: Heroism           |       |       |       |     8 ||     8
  Use: Potion            |       |     1 |     5 |     2 ||     8
       Scroll            |       |       |    20 |     5 ||    25
Armor: Scale mail        |    42 |       |       |       ||    42
       Chain mail        |    35 |    47 |    67 |       ||   149
       Plate armour      |       |       |   169 |   243 ||   412
       Skin              |       |       |       |     5 ||     5
Dodge: Dodged            |    57 |    14 |   110 |    76 ||   257
Block: Buckler           |    32 |    11 |   118 |   104 ||   265

Table legend: (Time is in decaauts)
 A = Elapsed time spent in this place.
 B = Non-inter-level travel time spent in this place.
 C = Inter-level travel time spent in this place.
 D = Time resting spent in this place.
 E = Time spent auto-exploring this place.
 F = Levels seen in this place.
 G = Mean time per level.
                   A        B        C        D        E       F      G
               +--------+--------+--------+--------+--------+-----+--------+
         Total |  12952 |  12713 |    239 |   2896 |   6722 |  13 |  996.3 |
       Dungeon |  12519 |  12293 |    226 |   2749 |   6649 |  11 | 1138.1 |
        Temple |    117 |    104 |     13 |      0 |     73 |   1 |  117.0 |
         Abyss |    314 |    314 |      0 |    147 |      0 |   1 |  314.0 |
               +--------+--------+--------+--------+--------+-----+--------+

Top non-repeatable levels by time:
    D:10: 2309 daAuts
     D:7: 1868 daAuts
     D:6: 1454 daAuts
     D:8: 1343 daAuts
     D:1: 1143 daAuts
     D:3: 1060 daAuts
     D:5: 1038 daAuts
     D:9: 908 daAuts
     D:4: 813 daAuts
     D:2: 479 daAuts
 Abyss:2: 314 daAuts
  Temple: 117 daAuts
    D:11: 99 daAuts
